Cogmind - Beta 15 @@@ ROGUE MODE // 2025.10.02 @ 00:01:54 Player: Reflectatory Result: Core destroyed Performance ------------- Evolutions (5) 2500 Regions Visited (10) 2000 Robots Destroyed (91) 455 Value Destroyed (3650) 3650 Prototype IDs (11) 220 Alien Tech Used (0) 0 Bonus (4015) 4015 TOTAL SCORE: 12840 Bonus ------- High Alert Combat Kills 241 Follower Combat Kills 2359 Network Hubs Disabled 400 Built Enhanced Grunts 300 A7 Reached Mainframe 300 Met R17 at Cetus 500 Friendly Fire -85 Cogmind --------- Core Integrity 0/1000 Matter 243/300 Energy 244/310 System Corruption 13% Temperature Critical (552) Movement Walking (120) Location -5/Factory Parts ------- > --- POWER (1) -------- Reinforced Fission Core > --- PROPULSION (5) --- Improved Treads Carbon-fiber Leg Flexi-carbon Leg Flexi-carbon Leg Flexi-carbon Leg > --- UTILITY (8) ------ Improved Signal Interpreter Improved Melee Analysis Suite Improved Target Analyzer Phase Shifter Layered Medium Armor Plating Centrium Medium Armor Plating Graphene Brace Advanced System Shield > --- WEAPON (3) ------- Heavy Laser Heavy Laser Gauss Rifle > --- INVENTORY (5) ---- Neutrino Core Quantum Reactor Carbon-fiber Leg Peak State ------------ > --- POWER ------------ Quantum Reactor > --- PROPULSION ------- Armored Treads Armored Treads Armored Medium Treads Centrium Heavy Treads > --- UTILITY ---------- Improved Signal Interpreter Centrium Medium Armor Plating Centrium Medium Armor Plating Graphene Brace Advanced Shield Generator Improved Hacking Suite Advanced System Shield Advanced System Shield > --- WEAPON ----------- Power Maul Spear Lance > --- INVENTORY -------- Quantum Reactor Improved Melee Analysis Suite Improved Medium Armor Plating Layered Heavy Armor Plating [Rating: 106] Favorites ----------- Power Quantum Reactor Engine Ion Engine Power Core Enhanced Nuclear Core Reactor Quantum Reactor Propulsion Armored Treads Treads Armored Treads Leg Flexi-carbon Leg Wheel Compact Wheel Flight Unit VTOL Module Utility Centrium Medium Armor Plating Device Graphene Brace Storage Small Storage Unit Processor Improved Signal Interpreter Hackware Hacking Suite Protection Centrium Medium Armor Plating Weapon Chainsword Energy Gun Small Laser Ballistic Gun Heavy Assault Rifle Impact Weapon Power Maul Slashing Weapon Chainsword Piercing Weapon Spear Build | -11 -10 -9 -8 -7 -6 -6 -6 -6 -6 -5 ------- Run | Yrd Mat Mat Mat Fac Fac Ext Cet Arc Hub Fac Slots Evolved 10 | . . 2 2 2 2 . . . . 2 Power . | . . . . . . . . . . . Propulsion 3 | . . 2 1 . . . . . . . Utility 6 | . . . 1 2 2 . . . . 1 Weapon 1 | . . . . . . . . . . 1 Parts Attached 149 | 7 4 15 7 26 11 17 7 8 5 42 Power 19 | 1 . 3 . 6 1 2 2 . . 4 Engine 6 | 1 . 3 . 2 . . . . . . Core 10 | . . . . 4 1 2 . . . 3 Reactor 3 | . . . . . . . 2 . . 1 Propulsion 51 | 2 2 7 3 9 2 5 1 3 3 14 Treads 15 | 2 . . . . . 3 1 3 3 3 Leg 15 | . 2 1 . . . 1 . . . 11 Wheel 1 | . . 1 . . . . . . . . Hover . | . . . . . . . . . . . Flight 20 | . . 5 3 9 2 1 . . . . Utility 59 | 1 1 4 2 7 7 9 4 5 2 17 Device 18 | . 1 1 . 1 5 3 . . . 7 Storage 1 | 1 . . . . . . . . . . Processor 11 | . . 2 . 1 2 1 . . 2 3 Hackware 12 | . . . 1 4 . 1 . 4 . 2 Protection 17 | . . 1 1 1 . 4 4 1 . 5 Artifact . | . . . . . . . . . . . Weapon 20 | 3 1 1 2 4 1 1 . . . 7 Energy Gun 9 | 2 1 . . 1 . . . . . 5 Energy Cannon . | . . . . . . . . . . . Ballistic Gun 4 | 1 . 1 1 . . . . . . 1 Ballistic Cannon . | . . . . . . . . . . . Launcher . | . . . . . . . . . . . Special Weapon . | . . . . . . . . . . . Impact Weapon 2 | . . . . 1 1 . . . . . Slashing Weapon 3 | . . . 1 2 . . . . . . Piercing Weapon 2 | . . . . . . 1 . . . 1 Special Melee Weapon . | . . . . . . . . . . . Unidentified Prototypes 6 | . . 1 1 1 1 . 2 . . . Parts Lost 76 | . 6 5 . 14 2 13 3 2 1 30 Power 4 | . 1 . . 1 . 1 . . . 1 Propulsion 34 | . 3 2 . 6 . 6 3 2 . 12 Utility 26 | . 1 1 . 5 2 6 . . 1 10 Weapon 12 | . 1 2 . 2 . . . . . 7 Highest Loss Streak 13 | . 6 4 . 8 2 8 2 2 1 13 To Critical Strikes 2 | . . . . . . . 1 1 . . Average Backups 3 | 1 2 1 4 4 4 2 5 5 4 3 Power 1 | . 1 1 1 1 1 1 1 1 1 1 Propulsion . | . . . 2 3 2 . . . . . Utility 1 | . . . . . . . 1 3 2 2 Weapon . | . 1 . . . 1 . 1 1 . . Tool/Special . | . . . . . . . . . . . Unused Backups 8 | . . . 1 3 . . . . 2 2 Power 2 | . . . . 1 . . . . . 1 Propulsion 3 | . . . 1 2 . . . . . . Utility 3 | . . . . . . . . . 2 1 Weapon . | . . . . . . . . . . . Tool/Special . | . . . . . . . . . . . Average Slot Usage (%) 88 | . 89 64 99 81 95 86 90 90 92 90 Engine 1 | . 12 7 9 2 . . . . . . Core 1 | . . . . 3 6 5 . . . . Reactor 2 | . . . . . . . 5 6 6 3 Treads 15 | . 22 . . . . 8 22 23 26 17 Leg 1 | . 3 1 . . . 1 . . . 3 Flight 7 | . . 10 45 36 33 14 . . . . Device 7 | . 7 1 . 1 17 11 6 6 . 9 Storage 1 | . 14 9 . . . . . . . . Processor 6 | . . 3 16 1 4 1 6 6 9 8 Hackware 14 | . . . 1 17 13 17 20 20 20 14 Protection 9 | . . 6 8 3 6 9 13 13 15 10 Energy Gun 2 | . 28 2 . 2 . . . . . 1 Ballistic Gun 1 | . . 17 16 . . . . . . . Impact Weapon 1 | . . . . . 6 1 . . . 3 Slashing Weapon 4 | . . . 1 8 6 6 6 6 6 3 Piercing Weapon 3 | . . . . . . 4 6 6 6 5 Peak Build Rating 106 | 6 7 18 28 39 61 56 78 85 92 106 Average Rating 65 | 5 6 8 24 31 54 43 72 80 87 92 On Entrance 40 | . 6 4 18 28 30 56 53 75 85 91 Naked Turns . | . . . . . . . . . . . Heaviest Build 63 | 12 13 20 11 14 18 32 40 40 46 63 Greatest Support 149 | 40 40 17 19 23 24 40 140 149 149 147 Greatest Overweight (x) 8 | . 3 6 . . . 4 . . . 8 Average Overweight (x) . | . . . . . . . . . . . Largest Inventory Capacity 8 | 8 8 8 5 5 5 5 5 5 5 5 Average Capacity 5 | 7 8 7 5 5 5 5 5 5 5 5 Most Carried 5 | 2 3 5 5 5 5 5 5 5 5 5 Average Carried 4 | 1 2 1 4 4 4 2 4 5 4 4 Final Capacity 8 | 8 8 5 5 5 5 5 5 5 5 5 Final Carried 5 | 2 2 5 5 5 4 5 5 5 5 3 Class Distribution -------------------- 47% | Scavenger-Mutant 12% | Hacker-Mutant 9% | Mutant 6% | Hacker-Sprinter 6% | Scavenger-Gladiator 5% | Commander-Sprinter 3% | Scavenger-Gunner Dominant Class ---------------- Mutant | -10/Materials Mutant | -9/Materials Sprinter | -8/Materials Hacker-Sprinter | -7/Factory Commander-Sprinter | -6/Factory Scavenger-Mutant | -6/Extension Scavenger-Mutant | -6/Cetus Scavenger-Mutant | -6/Archives Scavenger-Mutant | -6/Hub_04(d) Scavenger-Mutant | -5/Factory Resources | -11 -10 -9 -8 -7 -6 -6 -6 -6 -6 -5 ----------- Run | Yrd Mat Mat Mat Fac Fac Ext Cet Arc Hub Fac Matter Collected 2106 | 186 144 174 48 339 . 255 194 108 86 572 Remotely 70 | . . . . 70 . . . . . . Salvage Created 4612 | . 374 237 48 525 . 742 74 101 772 1739 Parts 187 | . 22 13 5 35 . 21 . 7 32 52 Haulers Intercepted . | . . . . . . . . . . . Recyclers Shooed 2 | . . . . 1 . . . . . 1 Parts Field Recycled . | . . . . . . . . . . . Retrieved Matter . | . . . . . . . . . . . Parts Self-Destructed . | . . . . . . . . . . . Prevented . | . . . . . . . . . . . Kills | -11 -10 -9 -8 -7 -6 -6 -6 -6 -6 -5 ------- Run | Yrd Mat Mat Mat Fac Fac Ext Cet Arc Hub Fac Combat Hostiles Destroyed 64 | . 8 5 3 8 . 6 1 . 8 25 Melee 31 | . . . . 6 . 3 1 . 5 16 Guns 21 | . 8 5 3 2 . . . . . 3 AOE 3 | . . . . . . . . . 3 . Classes Destroyed 14 | . 2 3 . 2 . 1 . . 5 1 Worker 3 | . . . . . . . . . 2 1 Builder 4 | . . . . . . 1 . . 3 . Tunneler 1 | . . . . . . . . . 1 . Recycler 9 | . . 1 . 4 . 2 . . 1 1 Operator 5 | . . . . 1 . 1 . 3 . . Watcher 5 | . 1 . . . . 1 . . 2 1 Swarmer 13 | . . 3 3 7 . . . . . . Cutter 1 | . . . . 1 . . . . . . Grunt 24 | . 8 . . . . 1 . . 4 11 Brawler 1 | . . . . . . . . . . 1 Sentry 12 | . . 2 . . . 5 . . . 5 Hunter 6 | . . . . . . . . . 2 4 Programmer 5 | . . . . . . . . . 1 4 Heavy 1 | . . . . . . . . . 1 . Cetus Guard 1 | . . . . . . . 1 . . . Best Kill Streak 11 | . 6 3 3 7 . 5 1 2 11 3 Combat Bots Only 5 | . 5 3 3 4 . 4 1 . 3 3 Max Kills in Single Turn 7 | . 2 2 1 1 . 1 1 1 7 1 Gunslinging 1 | . 1 1 . . . . . . . . Exploded 2 | . . . . . . . . . 2 . Melee 1 | . . . . 1 . 1 1 . 1 1 Uniques/NPCs Destroyed 1 | . . . . . . . 1 . . . Revision 17 (-6/Cetus) Combat | -11 -10 -9 -8 -7 -6 -6 -6 -6 -6 -5 -------- Run | Yrd Mat Mat Mat Fac Fac Ext Cet Arc Hub Fac Hostile Shots Fired 1040 | . 103 70 9 85 . 177 37 28 148 383 Missed 302 | . 25 17 6 23 . 74 9 12 42 94 Hits 738 | . 78 53 3 62 . 103 28 16 106 289 Melee 6 | . . . . 2 . 3 . . . 1 Projectile 732 | . 78 53 3 60 . 100 28 16 106 288 AOE 3 | . . . . 1 . . . . . 2 Critical Strikes 33 | . . 3 . 3 . 2 4 1 4 16 Actively Blocked 16 | . . . . . . . . . . 16 Part Disruptions 2 | . . . . . . . . . . 2 Damage Taken 13533 | . 933 658 25 994 204 1447 837 404 2069 5962 Core 2433 | . 199 217 . 328 45 357 20 49 138 1080 Absorbed by Shields 676 | . . . . . . 234 42 . . 400 Redirected to Shielding 50 | . . . . 9 . 41 . . . . Core Remaining (%) 57 | 100 20 45 100 53 . . . . 28 . Volleys Fired 85 | . 34 17 5 11 . . . . . 18 Largest 3 | . 2 2 2 1 . . . . . 3 Hottest 219 | . 80 43 43 69 . . . . . 219 Shots Fired 156 | . 68 23 9 11 . . . . . 45 Gun 156 | . 68 23 9 11 . . . . . 45 Cannon . | . . . . . . . . . . . Launcher . | . . . . . . . . . . . Special . | . . . . . . . . . . . Kinetic 37 | . . 23 9 . . . . . . 5 Thermal 119 | . 68 . . 11 . . . . . 40 Explosive . | . . . . . . . . . . . Electromagnetic . | . . . . . . . . . . . Robot Hit Streak 17 | . 17 11 2 2 . . . . . 11 Robot Miss Streak 4 | . 4 3 1 2 . . . . . 3 Penetration Max . | . . . . . . . . . . . Secondary Targets 3 | . 1 2 . . . . . . . . Max Gunslinging Chain 1 | . 1 1 . . . . . . . . Shots Hit Robots 261 | . 47 17 4 24 2 39 4 7 24 93 Core Hits 112 | . 20 8 3 11 1 9 4 4 24 28 Critical Kills 2 | . . . . . . . . . . 2 Critical Parts Destroyed 13 | . . . . . . 4 . . . 9 Critical Strikes 37 | . . . . . 1 8 2 1 3 22 Burn 2 | . . . . . . . . . . 2 Smash 15 | . . . . . . 4 . . . 11 Sever 12 | . . . . . 1 4 2 1 3 1 Impale 8 | . . . . . . . . . . 8 Melee Attacks 255 | . . . 2 38 7 61 4 8 34 101 Impact 79 | . . . . 1 5 25 . . . 48 Slashing 119 | . . . 2 37 2 26 4 6 32 10 Piercing 57 | . . . . . . 10 . 2 2 43 Sneak Attacks 27 | . . . . 7 . 6 . 5 3 6 Combat Hostiles 3 | . . . . . . 1 . . . 2 Follow-up Attacks 35 | . . . . 2 1 7 . 1 1 23 Damage Inflicted 9861 | . 544 233 57 905 66 1670 138 493 2387 3368 Guns 1481 | . 544 233 57 114 . . . . . 533 Cannons . | . . . . . . . . . . . Explosions 1366 | . . . . . . . . . 1366 . Melee 6934 | . . . . 791 66 1670 138 493 941 2835 Ramming 80 | . . . . . . . . . 80 . Kinetic 365 | . . 233 57 . . . . . . 75 Thermal 1116 | . 544 . . 114 . . . . . 458 Explosive . | . . . . . . . . . . . Electromagnetic 1366 | . . . . . . . . . 1366 . Impact 2361 | . . . . . 27 869 . . . 1465 Slashing 3077 | . . . . 791 39 546 138 449 907 207 Piercing 1496 | . . . . . . 255 . 44 34 1163 Highest Corruption 13 | . . . . . 6 7 7 7 10 13 Average Corruption 6 | . . . . . 6 6 7 7 7 6 Corruption Purged . | . . . . . . . . . . . Corruption Blocked . | . . . . . . . . . . . Effects 126 | . . . . . 3 25 24 8 20 46 Message Errors 30 | . . . . . 1 7 5 2 4 11 Matter Fused 41 | . . . . . 1 9 7 3 6 15 Heat Flow Errors 13 | . . . . . . 3 4 . 2 4 Energy Discharges 16 | . . . . . . 2 5 1 4 4 Parts Fused 1 | . . . . . . . . . . 1 Data Loss (minor) 13 | . . . . . 1 3 1 1 3 4 Data Loss (major) 3 | . . . . . . 1 1 . . 1 Alerts 6 | . . . . . . . 1 1 1 3 Misdirections 1 | . . . . . . . . . . 1 Weapon Failures 2 | . . . . . . . . . . 2 Overload Shots . | . . . . . . . . . . . Overflow Damage 1425 | . . . . 69 . 408 . 99 146 703 Projectiles . | . . . . . . . . . . . Explosions 65 | . . . . . . . . . 65 . Melee 1360 | . . . . 69 . 408 . 99 81 703 Knockbacks 10 | . . . . . . 2 . . 1 7 Impact 9 | . . . . . . 1 . . 1 7 Kinetic . | . . . . . . . . . . . Secondary 1 | . . . . . . 1 . . . . Self-Inflicted Damage 153 | . . . . . . . . . 153 . Shots 2 | . . . . . . . . . 2 . Rammed 13 | . . . . . . . . . 13 . Targets Rammed 13 | . . . . . . . . . 13 . Kicked . | . . . . . . . . . . . Crushed . | . . . . . . . . . . . Highest Temperature 561 | . 340 12 . 172 6 233 281 . 318 561 Average Temperature 134 | . 135 7 . 50 1 115 127 . 135 215 Received Heat Transfer 2924 | . 462 252 . 36 . 324 147 36 866 801 Effects 14 | . 2 . . . . . . . . 12 Shutdowns 3 | . 1 . . . . . . . . 2 Energy Bleed 2 | . . . . . . . . . . 2 Matter Decay 2 | . 1 . . . . . . . . 1 Short Circuit 2 | . . . . . . . . . . 2 Damage (minor) 1 | . . . . . . . . . . 1 Damage (core) 4 | . . . . . . . . . . 4 Siege Activations . | . . . . . . . . . . . Martial Activations . | . . . . . . . . . . . Shielding Activations . | . . . . . . . . . . . Robots Disrupted . | . . . . . . . . . . . Combat Hostiles . | . . . . . . . . . . . Robots Corrupted 12 | . . . . . . 5 . . . 7 Combat Hostiles 8 | . . . . . . 3 . . . 5 Parts Fried 33 | . . . . . . 13 . . 13 7 Impact Corruptions 36 | . . . . . . 14 . . . 22 Robots Melted 1 | . . . . . . . . . . 1 Combat Hostiles 1 | . . . . . . . . . . 1 Parts Melted 9 | . 1 . . . . . 1 . . 7 Heat Transferred 2409 | . 1225 . . 222 . . . . . 962 Parts Sabotaged . | . . . . . . . . . . . Parts Stolen . | . . . . . . . . . . . Parts Stripped . | . . . . . . . . . . . Power Chain Reactions 1 | . . . . . . . . . 1 . Alert | -11 -10 -9 -8 -7 -6 -6 -6 -6 -6 -5 ------- Run | Yrd Mat Mat Mat Fac Fac Ext Cet Arc Hub Fac Maximum Alert Level 4 | . . . 1 1 . . . . 4 2 Low Security (%) 64 | 100 100 100 7 93 100 100 100 100 16 30 Level 1 12 | . . . 92 6 . . . . 36 17 Level 2 20 | . . . . . . . . . 18 51 Level 3 2 | . . . . . . . . . 24 . Level 4 . | . . . . . . . . . 4 . Level 5 . | . . . . . . . . . . . High Security . | . . . . . . . . . . . Max Security . | . . . . . . . . . . . Peak Influence 1346 | . 71 94 318 246 146 122 160 153 1346 686 Initial 651 | . . 16 33 144 120 . 7 16 7 651 Average 204 | . 19 24 254 129 18 20 56 87 486 356 Influence Increases 5470 | . 217 208 355 448 99 512 341 207 1870 1213 Destroy 0b10 Robot/C 2280 | . 160 100 60 160 20 260 160 80 520 760 Destroy 0b10 Robot/NC 180 | . 5 5 . 25 . 30 10 15 70 20 Destroy Leader 486 | . 42 30 10 20 10 34 . . 146 194 Allied During Kill 820 | . . . . . 6 85 128 95 400 106 Successful Hack 301 | . 10 13 23 10 45 100 25 . 25 50 Disable Machine 345 | . . 15 . . . . . 15 300 15 Anti-Garrison Action 400 | . . . 200 . . . . . 200 . Destroy Structure 253 | . . . 2 8 3 3 18 2 209 8 Partial Spotted 90 | . . . 15 60 15 . . . . . Lose Combat Pursuer 315 | . . 45 45 165 . . . . . 60 Influence Decreases 5203 | . 176 169 117 520 345 498 315 224 563 2276 Entered New Map 1098 | . . 25 47 174 126 . 7 24 16 679 Time Decay 2150 | . 116 123 60 206 63 217 257 180 307 621 Lost Part 666 | . 60 21 . 140 20 84 11 20 10 300 Lost Ally 425 | . . . 10 . . 75 40 . 80 220 Purge Threat 864 | . . . . . 136 122 . . 150 456 Squads Dispatched 42 | . 2 2 1 5 1 3 . . 9 19 Investigation 13 | . 2 1 1 1 . 2 . . 1 5 Extermination 9 | . . . . 2 1 . . . 1 5 Reinforcement 11 | . . 1 . 2 . 1 . . 7 . Assault . | . . . . . . . . . . . Garrison 9 | . . . . . . . . . . 9 Intercept . | . . . . . . . . . . . Searches Triggered . | . . . . . . . . . . . Construction Impeded 3 | . . . . . . . . . 3 . Haulers Reinforced 2 | . . . . . . . . . 2 . Active Scanning Responses . | . . . . . . . . . . . Cargo Convoy Interrupts . | . . . . . . . . . . . Stealth | -11 -10 -9 -8 -7 -6 -6 -6 -6 -6 -5 --------- Run | Yrd Mat Mat Mat Fac Fac Ext Cet Arc Hub Fac Distress Signals 12 | . . 2 . . . 4 2 . 4 . Communications Jammed . | . . . . . . . . . . . Distress Signals . | . . . . . . . . . . . Times Spotted 170 | . 11 12 9 24 2 19 11 8 27 47 Peak Tracking Total 7 | . 5 7 4 7 1 4 5 3 7 5 Tactical Retreats 10 | . . 1 2 5 . . . . . 2 Traps | -11 -10 -9 -8 -7 -6 -6 -6 -6 -6 -5 ------- Run | Yrd Mat Mat Mat Fac Fac Ext Cet Arc Hub Fac Traps Triggered 6 | . 2 1 . . . 1 . . 1 1 Indirectly 1 | . . . . . . . . . 1 . Trap Hack Attempts . | . . . . . . . . . . . Triggered . | . . . . . . . . . . . Disarmed 15 | . . . . . . 6 . . 6 3 Reprogrammed . | . . . . . . . . . . . Reused . | . . . . . . . . . . . Traps Extracted . | . . . . . . . . . . . Installed . | . . . . . . . . . . . Triggered . | . . . . . . . . . . . Machines | -11 -10 -9 -8 -7 -6 -6 -6 -6 -6 -5 ---------- Run | Yrd Mat Mat Mat Fac Fac Ext Cet Arc Hub Fac Machines Disabled 25 | . . 1 . . . . 2 1 20 1 Max in Single Turn 12 | . . 1 . . . . . . 12 . Garrison Access 2 | . . . 1 . . . . . 1 . Network Hub 2 | . . . . . . . . . 2 . Machines Repaired . | . . . . . . . . . . . Machines Dismantled . | . . . . . . . . . . . Machines Sabotaged . | . . . . . . . . . . . Overloaded Fab Kills . | . . . . . . . . . . . Hacking | -11 -10 -9 -8 -7 -6 -6 -6 -6 -6 -5 --------- Run | Yrd Mat Mat Mat Fac Fac Ext Cet Arc Hub Fac Machines Accessed 78 | . 4 6 8 7 12 15 2 . 7 17 Terminals 56 | . 3 5 7 3 8 15 2 . 6 7 Fabricators 10 | . . . . 2 3 . . . . 5 Repair Stations 1 | . . . . 1 . . . . . . Recycling Units 7 | . 1 1 . 1 1 . . . . 3 Scanalyzers 1 | . . . . . . . . . . 1 Garrison Access 3 | . . . 1 . . . . . 1 1 Total Hacks 336 | . 13 19 19 22 42 59 9 . 36 117 Successful 178 | . 5 11 7 13 23 36 5 . 18 60 Failed 158 | . 8 8 12 9 19 23 4 . 18 57 Catastrophic 34 | . 3 1 4 1 3 2 1 . 7 12 Database Lockouts . | . . . . . . . . . . . Manual 211 | . 12 18 19 14 33 38 2 . 20 55 Terminals 267 | . 12 17 17 15 32 59 9 . 31 75 Fabricators 33 | . . . . 5 9 . . . . 19 Repair Stations 1 | . . . . 1 . . . . . . Recycling Units 16 | . 1 2 . 1 1 . . . . 11 Scanalyzers 7 | . . . . . . . . . . 7 Garrison Access 12 | . . . 2 . . . . . 5 5 Terminal Hacks 87 | . 1 3 1 6 7 26 5 . 12 26 Record 14 | . . . . 1 1 1 4 . 6 1 Part Schematic 1 | . . . . . . . . . . 1 Robot Schematic 1 | . . . . . . . . . . 1 Robot Analysis 1 | . . . . . . . . . . 1 Prototype ID Bank 3 | . . . . . . . . . . 3 Open Door 6 | . . . . . . 5 1 . . . Level Access Points 3 | . . . . 1 . 1 . . . 1 Branch Access Points 4 | . . . . 1 1 1 . . . 1 Emergency Access Points 2 | . . . . . . 1 . . . 1 Machine Index 2 | . . . . . . 1 . . . 1 Terminal Index 8 | . 1 1 1 1 1 1 . . 1 1 Fabricator Index 1 | . . . . . 1 . . . . . Repair Station Index 1 | . . . . . . . . . . 1 Alert Level 2 | . . . . . . . . . . 2 Unreport Threat 9 | . . . . . 1 2 . . 1 5 Disarm Traps 3 | . . . . . . 1 . . 1 1 Dispatch Records 5 | . . . . 1 . 2 . . 1 1 Security Status 2 | . . . . . . 1 . . . 1 Surveillance Status 1 | . . . . . . 1 . . . . Patrol Status 1 | . . . . . . 1 . . . . Garrison Status 1 | . . . . . . 1 . . . . Coupling Status 1 | . . . . . . 1 . . . . Recall Investigation 4 | . . 1 . . . 2 . . 1 . Recall Reinforcements 3 | . . 1 . . . 1 . . 1 . Hauler Manifests 2 | . . . . . . 1 . . . 1 Zone Layout 6 | . . . . 1 2 1 . . . 2 Fabricator Hacks 11 | . . . . . 3 . . . . 8 Network Status 2 | . . . . . 1 . . . . 1 Load Schematic 3 | . . . . . . . . . . 3 Build 6 | . . . . . 2 . . . . 4 Repair Station Hacks . | . . . . . . . . . . . Recycling Unit Hacks 7 | . 1 1 . 1 1 . . . . 3 Report Inventory 6 | . 1 1 . 1 1 . . . . 2 Retrieve Components 1 | . . . . . . . . . . 1 Scanalyzer 6 | . . . . . . . . . . 6 Insert Component 2 | . . . . . . . . . . 2 Analyze 4 | . . . . . . . . . . 4 Garrison Access Hacks . | . . . . . . . . . . . Unauthorized Hacks 67 | . 3 7 6 6 12 10 . . 6 17 Terminals 54 | . 3 6 5 4 8 10 . . 5 13 Track 3 | . . . . . . . . . . 3 Assimilate 5 | . . . 1 . 1 1 . . . 2 Botnet 40 | . 2 5 4 3 7 8 . . 4 7 Operators 6 | . 1 1 . 1 . 1 . . 1 1 Fabricators 6 | . . . . 1 4 . . . . 1 Report 3 | . . . . 1 2 . . . . . Liberate 3 | . . . . . 2 . . . . 1 Repair Stations 1 | . . . . 1 . . . . . . Mechanics 1 | . . . . 1 . . . . . . Recycling Units 3 | . . 1 . . . . . . . 2 Monitor 2 | . . . . . . . . . . 2 Reject 1 | . . 1 . . . . . . . . Scanalyzers . | . . . . . . . . . . . Garrison Access 3 | . . . 1 . . . . . 1 1 Reprogram 1 | . . . . . . . . . . 1 Jam 2 | . . . 1 . . . . . 1 . Data Cores Recovered 1 | . . . . 1 . . . . . . Used . | . . . . . . . . . . . Hacking Detections 64 | . 3 6 8 3 11 11 2 . 7 13 Full Trace Events 8 | . . 1 1 1 . 2 . . . 3 Feedback Events . | . . . . . . . . . . . Feedback Blocked . | . . . . . . . . . . . Robot Schematics Acquired 1 | . . . . . . . . . . 1 Robots Built 12 | . . . . . 4 . . . . 8 Authchips . | . . . . . . . . . . . Time 389 | . . . . . 85 . . . . 304 Total Robot Build Rating 50 | . . . . . 10 . . . . 40 Part Schematics Acquired 3 | . . . . . . . . . . 3 Parts Built 1 | . . . . . . . . . . 1 Authchips . | . . . . . . . . . . . Time 102 | . . . . . . . . . . 102 Total Part Build Rating 8 | . . . . . . . . . . 8 Parts Repaired . | . . . . . . . . . . . Time . | . . . . . . . . . . . Parts Recycled . | . . . . . . . . . . . Recycled Matter . | . . . . . . . . . . . Retrieved Matter . | . . . . . . . . . . . Retrieved Components 10 | . . . . . . . . . . 10 Parts Scanalyzed 2 | . . . . . . . . . . 2 Part Schematics Acquired 2 | . . . . . . . . . . 2 Parts Damaged 1 | . . . . . . . . . . 1 Bothacking | -11 -10 -9 -8 -7 -6 -6 -6 -6 -6 -5 ------------ Run | Yrd Mat Mat Mat Fac Fac Ext Cet Arc Hub Fac Used RIF Installer . | . . . . . . . . . . . Robots Hacked . | . . . . . . . . . . . Non-combat . | . . . . . . . . . . . Combat . | . . . . . . . . . . . Robot Hacks Applied . | . . . . . . . . . . . Relay Couplers Released . | . . . . . . . . . . . Fabnet Peak Effective % . | . . . . . . . . . . . Robots Rewired 4 | . . . . . . 4 . . . . Allies Hacked 1 | . . . . . . . . . . 1 Hacks Repelled . | . . . . . . . . . . . Allies | -11 -10 -9 -8 -7 -6 -6 -6 -6 -6 -5 -------- Run | Yrd Mat Mat Mat Fac Fac Ext Cet Arc Hub Fac Total Allies 36 | . . . 1 . 5 12 5 . . 13 Largest Group 10 | . . . 1 . 5 7 10 7 5 4 Highest-Rated Group 746 | . . . 10 . 111 322 746 659 480 180 Highest-Rated Ally 159 | . . . 10 . 26 159 159 159 96 49 Total Orders 1 | . . . . . . . 1 . . . FOLLOW 1 | . . . . . . . 1 . . . Ally Attacks 392 | . . . . . 3 68 71 32 102 116 Total Damage 11281 | . . . . . 87 1428 2263 1120 3729 2654 Kills 63 | . . . . . 1 8 11 5 24 14 Allies Corrupted 2 | . . . . . . . . . . 2 Allies Melted . | . . . . . . . . . . . Intel | -11 -10 -9 -8 -7 -6 -6 -6 -6 -6 -5 ------- Run | Yrd Mat Mat Mat Fac Fac Ext Cet Arc Hub Fac Active Infowar (turns) 2291 | . . 69 138 105 371 451 777 366 14 . Optics 539 | . . 66 138 105 230 . . . . . Sensors 399 | . . . . . 162 237 . . . . Terrain 25 | . . . . . 25 . . . . . T.N.C. 2 | . . . . . . . . . 2 . Machine Analysis 181 | . . 69 112 . . . . . . . Triangulation 1369 | . . . . . . 214 777 366 12 . Robot Analysis Total 1 | . . . . . . . . . . 1 Derelict Logs Recovered . | . . . . . . . . . . . Drone Launches . | . . . . . . . . . . . Drone Recoveries . | . . . . . . . . . . . Exploration | -11 -10 -9 -8 -7 -6 -6 -6 -6 -6 -5 ------------- Run | Yrd Mat Mat Mat Fac Fac Ext Cet Arc Hub Fac Turns Passed 7086 | 91 372 419 138 431 371 890 777 366 681 2550 Spaces Moved 5552 | 51 162 331 387 884 838 633 440 212 347 1267 Core 88 | 2 3 60 . . . 22 . . . 1 Treads 2446 | 49 138 . . . . 335 440 212 347 925 Legs 393 | . 21 31 . . . . . . . 341 Wheels 36 | . . 36 . . . . . . . . Hover . | . . . . . . . . . . . Flight 2589 | . . 204 387 884 838 276 . . . . Fastest Speed 23 | 50 120 28 27 23 23 24 160 160 160 120 Average Speed 96 | 155 156 85 27 25 23 101 160 160 161 155 Slowest Speed 450 | 160 200 350 27 30 24 250 160 160 165 450 Overloaded Moves . | . . . . . . . . . . . Propulsion Burnouts . | . . . . . . . . . . . Robots Hopped 16 | . . 1 2 8 2 3 . . . . Potential Cave-ins . | . . . . . . . . . . . Cave-ins Triggered 1 | . . . . . 1 . . . . . Exploration Rate (%) 46 | 4 32 41 46 31 24 70 94 96 53 25 Regions Visited 10 Branch Regions 4 Pre-discovered Areas . | . . . . . . . . . . . Known Exits Taken 6 | . . . . 1 1 1 1 1 1 . Unknown Exits Taken 4 | 1 1 1 1 . . . . . . . Scrap Searched . | . . . . . . . . . . . Spaces Dug 19 | . . . 2 8 4 3 . . 2 . Terrain Destroyed 317 | . . . 2 8 4 3 . . 300 . Melee 19 | . . . 2 8 4 3 . . 2 . Projectile . | . . . . . . . . . . . AOE 298 | . . . . . . . . . 298 . Terrain Rammed . | . . . . . . . . . . . Walls Destroyed . | . . . . . . . . . . . Machines Disabled . | . . . . . . . . . . . Actions | -11 -10 -9 -8 -7 -6 -6 -6 -6 -6 -5 --------- Run | Yrd Mat Mat Mat Fac Fac Ext Cet Arc Hub Fac Total 6703 | 59 210 436 407 1011 998 780 510 225 412 1655 Wait 594 | . 10 66 1 50 141 54 48 . . 224 Move 5510 | 50 161 328 382 867 833 626 439 211 346 1267 Hop 16 | . . 1 2 8 2 3 . . . . Pick Up 37 | 2 . 4 4 3 1 5 3 . 4 11 Fast Attach 73 | 6 3 10 . 12 4 9 1 3 2 23 Attach 27 | . 1 1 2 2 2 6 . . 1 12 Detach . | . . . . . . . . . . . Swap 73 | 1 1 7 5 14 6 4 7 5 5 18 Drop 46 | . . 2 4 10 4 . 8 . 9 9 Fire 85 | . 34 17 5 11 . . . . . 18 Melee 208 | . . . 2 34 5 52 4 6 32 73 Ram . | . . . . . . . . . . . Kick . | . . . . . . . . . . . Crush 13 | . . . . . . . . . 13 . Escape Stasis . | . . . . . . . . . . . Rewire 21 | . . . . . . 21 . . . . Trap . | . . . . . . . . . . . Miscellaneous . | . . . . . . . . . . . Route ------- -11/Scrapyard -10/Materials -9/Materials -8/Materials -7/Factory (discovered 6 exits: *Fac x4 / Low x2) -6/Factory (discovered 4 exits: Low x2 / *Ext x2) -6/Extension (discovered 3 exits: *Fac x2 / *Cet) -6/Cetus (discovered 3 exits: *Fac x2 / *Arc) -6/Archives (discovered 3 exits: *Fac / *Hub x2) -6/Hub_04(d) (discovered 2 exits: *Fac x2) -5/Factory (discovered 6 exits: Fac x4 / *Upp x2) History --------- Turn | Location | Event 6 | -11/Scrapyard | Discovered new exit (range 16) 92 | -11/Scrapyard | Entered Materials 221 | -10/Materials | Discovered new exit (range 15) 303 | -10/Materials | Build established: Mutant 383 | -10/Materials | Core integrity fell below 50% 464 | -10/Materials | Entered another Materials area 464 | -9/Materials | Evolved 2 slots: Propulsion x2 487 | -9/Materials | Lost 6 parts (1p3n1u1w) 547 | -9/Materials | Lost 4 parts (2n2w) 778 | -9/Materials | Core integrity fell below 50% 864 | -9/Materials | Discovered new exit (range 18) 883 | -9/Materials | Entered another Materials area 883 | -8/Materials | Evolved 2 slots: Propulsion x1, Utility x1 981 | -8/Materials | Discovered new exit (range 18) 1021 | -8/Materials | Entered Factory 1021 | -7/Factory | Evolved 2 slots: Utility x2 1123 | -7/Factory | Identified exit to Factory 1123 | -7/Factory | Identified exit to Lower Caves 1247 | -7/Factory | Lost 8 parts (1p2n4u1w) 1443 | -7/Factory | Lost 4 parts (3n1w) 1452 | -7/Factory | Entered another Factory area 1452 | -6/Factory | Evolved 2 slots: Utility x2 1499 | -6/Factory | Fabricated A-02 Transporter? 1532 | -6/Factory | Fabricated C-17 Slicer (x3) 1602 | -6/Factory | Identified exit to Lower Caves 1602 | -6/Factory | Identified exit to Extension 1682 | -6/Factory | Crushed by falling debris 1823 | -6/Factory | Entered Extension 1823 | -6/Extension | Accompanied by 5 allies 1837 | -6/Extension | Rescued a captive Derelict 1844 | -6/Extension | Build established: Commander-Sprinter 1936 | -6/Extension | Rescued A7 1946 | -6/Extension | Lost 4 allies 1959 | -6/Extension | Rescued a captive Derelict 1960 | -6/Extension | Rescued a captive Derelict 1967 | -6/Extension | Identified exit to Cetus 1968 | -6/Extension | Lost 5 parts (2n3u) 1968 | -6/Extension | Identified exit to Factory 1977 | -6/Extension | Rescued a captive Derelict 2006 | -6/Extension | Spotted B-75 Beast 2031 | -6/Extension | Spotted B-75 Beast 2066 | -6/Extension | Allies destroyed B-75 Beast 2076 | -6/Extension | Allies destroyed B-75 Beast 2103 | -6/Extension | Lost 8 parts (1p4n3u) 2260 | -6/Extension | Lost 3 allies 2362 | -6/Extension | Rescued a captive Derelict 2363 | -6/Extension | Rescued a captive Derelict 2384 | -6/Extension | Build established: Scavenger-Mutant 2713 | -6/Extension | Entered Cetus 2713 | -6/Cetus | Accompanied by 7 allies (A7) 2718 | -6/Cetus | Acquired a Cetus Manufacturing Module code from A7 2724 | -6/Cetus | Spotted Cetus Guard 2725 | -6/Cetus | Spotted Cetus Guard 2728 | -6/Cetus | Spotted Cetus Guard 2729 | -6/Cetus | Spotted Cetus Guard 2740 | -6/Cetus | Allies destroyed Cetus Guard 2749 | -6/Cetus | Allies destroyed Cetus Guard 2755 | -6/Cetus | Destroyed Cetus Guard 2761 | -6/Cetus | Allies destroyed Cetus Guard 2795 | -6/Cetus | Build established: Hacker-Mutant 2865 | -6/Cetus | Started Cetus Manufacturing Module 2878 | -6/Cetus | Escorted A7 to Cetus Mainframe 2890 | -6/Cetus | Manufactured an Enhanced Grunt 2915 | -6/Cetus | Manufactured an Enhanced Grunt 2940 | -6/Cetus | Manufactured an Enhanced Grunt 2965 | -6/Cetus | Manufactured an Enhanced Grunt 2990 | -6/Cetus | Manufactured an Enhanced Grunt 3093 | -6/Cetus | Discovered new exit (range 15) 3115 | -6/Cetus | Identified exit to Archives 3150 | -6/Cetus | Spotted Cetus Guard 3150 | -6/Cetus | Spotted Cetus Guard 3154 | -6/Cetus | Spotted Cetus Guard 3154 | -6/Cetus | Spotted Cetus Guard 3161 | -6/Cetus | Allies destroyed Cetus Guard 3163 | -6/Cetus | Discovered exit to Factory (range 16) 3169 | -6/Cetus | Allies destroyed Cetus Guard 3170 | -6/Cetus | Allies destroyed Cetus Guard 3172 | -6/Cetus | Allies destroyed Cetus Guard 3173 | -6/Cetus | Met Revision 17 3178 | -6/Cetus | Allies destroyed Revision 17 3209 | -6/Cetus | Lost 4 allies 3338 | -6/Cetus | Discovered exit to Factory (range 15) 3463 | -6/Cetus | Security sweep announced 3481 | -6/Cetus | Build established: Scavenger-Mutant 3490 | -6/Cetus | Entered Archives 3490 | -6/Archives | Accompanied by 7 allies (A7) 3495 | -6/Archives | Received a hacking code to weaken MAIN.C 3512 | -6/Archives | Core integrity fell below 50% 3527 | -6/Archives | Discovered new exit (range 16) 3554 | -6/Archives | Discovered new exit (range 16) 3581 | -6/Archives | Unable to access archive contents 3597 | -6/Archives | Unable to access archive contents 3625 | -6/Archives | Unable to access archive contents 3653 | -6/Archives | Discovered exit to Factory (range 14) 3796 | -6/Archives | Identified exit to Hub_04(d) 3856 | -6/Archives | Entered Hub_04(d) 3856 | -6/Hub_04(d) | Accompanied by 5 allies 3972 | -6/Hub_04(d) | Discovered exit to Factory (range 14) 4155 | -6/Hub_04(d) | Build established: Scavenger-Gladiator 4244 | -6/Hub_04(d) | Found Prototype Device 4476 | -6/Hub_04(d) | Build established: Scavenger-Mutant 4493 | -6/Hub_04(d) | Spotted B-75 Beast 4509 | -6/Hub_04(d) | Network Hub disabled 4509 | -6/Hub_04(d) | Discovered exit to Factory (range 13) 4510 | -6/Hub_04(d) | System corruption reached 10% 4513 | -6/Hub_04(d) | Network Hub disabled 4537 | -6/Hub_04(d) | Entered Factory 4537 | -5/Factory | Evolved 2 slots: Utility x1, Weapon x1 4788 | -5/Factory | Fabricated H-66 Slayer (x2) 5458 | -5/Factory | P-70 Sage assimilated allied *Jack 5799 | -5/Factory | Discovered new exit (range 5) 5806 | -5/Factory | Identified exit to Upper Caves 6182 | -5/Factory | Identified exit to Factory 6291 | -5/Factory | Garrison activated, responded to threat 6505 | -5/Factory | Lost 9 parts (1p3n4u1w) 6522 | -5/Factory | System corruption reached 10% 6559 | -5/Factory | Fabricated G-50 Soldier? 6565 | -5/Factory | Lost 3 parts (2n1u) 6650 | -5/Factory | Garrison activated, responded to threat 6701 | -5/Factory | Fabricated Centrium Medium Armor Plating? 6776 | -5/Factory | Core integrity fell below 50% 6826 | -5/Factory | Fabricated G-50 Soldier? 6826 | -5/Factory | Core integrity fell below 20% 6859 | -5/Factory | Lost 13 parts (5n4u4w) 6916 | -5/Factory | Garrison activated, responded to threat 7088 | -5/Factory | Core destroyed Last Messages --------------- K-01 Serf collects debris. ALERT: Activating Garrison Access F004. Acquired Centrium Medium Armor Plating. System corrupted: Heat flow error (+166). System corrupted: Matter fused (-5). System corrupted: Component data lost. Connecting with DSF Access... Discarded Broken Targeting Computer. Acquired Lyr. Medium Armor Plating. System corrupted: Matter fused (-5). System corrupted: Matter fused (-7). System corrupted: Heat flow error (+104). Slug penetrates Wall. System corrupted: Gauss Rifle jammed. Power failure, Rnf. Fission Core shutdown. Phase Shifter broken. Overheating: Short circuit. Overheating: Core damaged (-100). Destroyed Hpw. Shock Rifle. Overheating: Core damaged (-110). Map ----- +----------------------------------------------------+ | ??????????????????????????????????????? | | ??????????????????????????????????????? | | ??????????????????????????????????????? | | ??????????????????????????????????????? | | ??????????????????????????????????????? | | ??????????????????????????????????????? | | ??????????????????????????????????????? | | ??????????????????????????????????????? | | ??????????????????????????????????????? | | ??????????????????????????????????????? | | ??????????????????????????????????????? | | ??????????????????????????????????????? | | ??????????????????????????????????????? | | ??????????????????????????????????????? | | ??????????????????????????????????????? | | ??????????????????????????????????????? | | ??????????????????????????????????????? | | ??????????????????????????????????????? | | ??????????????????????????????????????? | | ??????????????????????????????????????? | | ??????????????????????????????????????? | | ??????????????????????????????????????? | | ??????????????????????????????????????? | | ??????????????????????????????????????? | | ????# " k###############?????????????? | | ????# @ p ??????? | | ????# ####### #######?????????????? | | ????????????????# #???????????????????? | | ????????????????# #???????????????????? | | ????????????????# #???????????????????? | | ????????????????# #???????????????????? | | ????????????????# #???????????????????? | | ????????????????# #???????????????????? | | ????????????????# #???????????????????? | | ??#############?# #???????????????????? | | ??# #?# #???????????????????? | | ??# """" """" #?# #???????????????????? | | ??# """" """" #?# #???????????????????? | | ??# """" """" #?# #???????????????????? | | ??# """" """" #?# #???????????????????? | | ??# #?# #???????????????????? | | ??# ] !#?# #???????????????????? | | ??##+###+######?# #???????????????????? | | ???# ##????# #???????????????????? | | ???# T#????# #???????????????????? | | ???# #????# #???????????????????? | | ???#### ##????# #????????????? ????? | | ?????## ##????# #????????????? ???? | | ?????# #????# ######+####### #### | | ?????# ###### | +----------------------------------------------------+ Best States ------------- Heat Dissipation 78 Energy Generation 25 Energy Capacity 350 Matter Stores 300 Matter Capacity 300 Sight Range 22 Robot Scan Range 16 Terrain Scan Range 20 Terrain Scan Density 10 Armor Coverage 1050 Propulsion Shielding 33 Phase Shifting 5 Evasion (%) 65 Targeting Accuracy 5 Melee Accuracy 8 Target Analysis 6 Recoil Reduction 5 Offensive Hacking 30 Defensive Hacking 28 Item Schematics ----------------- Imp. Transmission Jammer | -5/Factory | Hacked Centrium Medium Armor Plating | -5/Factory | Scanalyzed Quantum Reactor | -5/Factory | Scanalyzed Robot Schematics ------------------ G-50 Soldier | -5/Factory | Hacked Fabricated ------------ A-02 Transporter | x1 | -6/Factory | Preloaded C-17 Slicer | x3 | -6/Factory | Preloaded H-66 Slayer | x2 | -5/Factory | Preloaded G-50 Soldier | x3 | -5/Factory Centrium Medium Armor Plating | x1 | -5/Factory G-50 Soldier | x3 | -5/Factory Repaired ---------- Nothing Alien Tech Used ----------------- None Achievements -------------- It Was An Accident, I Swear Main Advantage Maximum Efficiency Project G-00 Revising The Future War Machine Challenges ------------ None Game ------ Seed ThermoelectricThrusterDriver Manual? 0 Play Time 01:55:00 Cumulative 39.3 hours Start 2025.10.01 @ 22:03:17 End 2025.10.02 @ 00:01:54 Sessions 1 Manual Loads 0 Difficulty Rogue Special Mode None Game No. 40 Rogue 40 Adventurer 0 Explorer 0 Win Type - Total 1 Types 1/0/0/0/0/0/0/0/0/0 Lore% 38 Gallery% 39 Achievement% 39 Wizard Run 0 Options --------- Layout 1 ASCII 0 Keyboard 0 Movement Numpad Keybinds 0 Fullscreen 1 Font 32/SmallcapsGlow Map View 50x35 Zoom Use 0% Tactical HUD 0 Map Filters NONE Filters NONE Steam 1 RUN: 526a9282-8e7e-4026-b058-bf350e999fcc